[Event "*** SCC Grand Prix: Titled Tuesday Blitz"]
[Site "Chess.com"]
[Date "2020.06.02"]
[Round "10"]
[White "killer311"]
[Black "GelmanAlexander"]
[Result "1/2-1/2"]
[WhiteElo "2411"]
[BlackElo "2545"]
[TimeControl "180+1"]
[EndTime "12:00:45 PDT"]
[Termination "Game drawn - insufficient material"]

1. d4 Nf6 2. c4 c5 3. d5 b5 4.
cxb5 a6 5. bxa6 e6 6. g3 exd5 7. Bg2 Nxa6 8. Nc3 Nc7 9. Nxd5 Ncxd5 10. Bxd5 Nxd5 11. Qxd5 Ba6 12. Nf3 Be7 13. O-O O-O 14.
Re1 Ra7 15. Bf4 Bb7 16. Qd2 Qa8 17. Ne5 d6 18. Nd7 Re8 19. Nb6 Qb8 20. Nc4 Rd8 21.
e4 Qc8 22. b3 Qc6 23. Qc2 d5 24. Ne5 Qe6 25. exd5 Qxd5 26. f3 Raa8 27. Rad1 Qe6 28. Kg2 Bf8 29. Nd7 Qc6 30. Ne5 Qa6 31. Rxd8 Rxd8 32.
Qf5 Qxa2+ 33. Kg1 Qxb3 34. Bg5 Re8 35. Rf1 f6 36. Bxf6 gxf6 37. Qg4+ Bg7 38. Nd7 Qe6 39. Qxe6+ Rxe6 40. Nxc5 Rb6 41. Nxb7 Rxb7 42. f4 Kf7 43. Kg2 f5 44. Kh3 Rb6 45. Re1 Rh6+ 46. Kg2 Re6 47.
Rd1 Kg6 48. Rd5 h5 49. Rc5 Bf6 50. Rb5 Rd6 51. Ra5 Rd2+ 52. Kh3 Rd3 53. Kg2 Rc3 54.
Rb5 Rc2+ 55. Kh3 Rc3 56. Rb6 h4 57. Kg2 Rc2+ 58. Kh3 Rc3 59. Kg2 hxg3 60. hxg3 Rc2+ 61. Kh3 Rc3 62. Ra6 Kf7 63. Ra7+ Ke6 64. Ra6+ Kf7 65.
Ra7+ Kf8 66. Ra8+ Kg7 67. Ra7+ Kg6 68. Ra6 Re3 69. Rb6 Re7 70. Ra6 Rh7+ 71. Kg2 Rb7 72. Kh3 Rf7 73. Kg2 Rf8 74. Kh3 Kg7 75. Ra7+ Rf7 76.
Ra6 Bd4 77. Ra5 Kg6 78. Kg2 Ra7 79. Rd5 Ra2+ 80. Kh3 Bg1 81. Rd6+ Kg7 82. g4 Ra3+ 83. Kh4 Bf2+ 84. Kg5 fxg4 85. Rd7+ Kf8 86. Kxg4 Ra4 87.
Kg5 Be3 88. Rd8+ Ke7 89. Rc8 Bxf4+ 90. Kg6 Bd6 91. Rc2 Re4 92. Rd2 Ke6 93. Rd1 Rg4+ 94. Kh5 Rg3 95. Kh4 Rg8 96. Kh3 Kf5 97. Rxd6 Rg6 98.
Rxg6 Kxg6 1/2-1/2

[Event "*** SCC Grand Prix: Titled Tuesday Blitz"]
[Site "Chess.com"]
[Date "2020.06.02"]
[Round "10"]
[White "Vesper2018"]
[Black "Shubinkirill2003"]
[Result "0-1"]
[WhiteElo "2401"]
[BlackElo "2724"]
[TimeControl "180+1"]
[EndTime "12:00:48 PDT"]
[Termination "Shubinkirill2003 won by resignation"]

1. e4 e6 2. d4 d5 3. e5 c5 4. c3 Qa5 5. a3 Nc6 6. Nf3 Bd7 7.
dxc5 Qc7 8. Bf4 Bxc5 9. Bd3 h6 10. h4 a5 11. a4 Nge7 12. Na3 Bxa3 13. Rxa3 O-O-O 14. Qd2 g5 15. hxg5 hxg5 16. Rxh8 Rxh8 17. Bxg5 Rh1+ 18. Ke2 Ng6 19. Bxg6 fxg6 20. Qe3 Rb1 21. Rb3 Nb8 22. Nd2 Ra1 23. Qf4 Be8 24. Qf6 Qd7 25. Nf3 Nc6 26. Qf4 Qf7 27. Bf6 Qh7 28. Qh4 Qxh4 29. Nxh4 Rxa4 30. Nf3 Ra2 31. Nd2 a4 32. Ra3 Rxb2 33. Kd3 b5 34. f4 Kb7 35. g4 Bd7 36. Bg7 b4 37. Rxa4 Nxe5+ 38. Bxe5 Bxa4 39. cxb4 Rxb4 40. Nf3 Rb3+ 41. Ke2 Bb5+ 42. Kf2 Bd7 43. Nd4 Rd3 44. Ke2 Rh3 45. g5 Kb6 46. Nf3 Kc5 47. Kf2 Kc4 48.
Bf6 Be8 49. Ne5+ Kc5 50. Nf3 Kd6 51. Ne5 Rh7 52. Nf3 Ra7 53. Be5+ Ke7 54. Nd4 Ra2+ 55. Ke3 Bd7 56. Nf3 Kd8 57. Nd4 Kc8 58. Nf3 Kb7 59. Nd4 Ka6 60. Bd6 Ka5 61. Bc5 Ka6 62. Bd6 Kb7 63.
Bc5 Ra5 64. Bd6 Ra6 65. Be5 Ra3+ 66. Kf2 Rd3 67. Ke2 Ra3 68. Kf2 Rh3 69. Bd6 Rd3 70. Be5 Kb6 71. Ke2 Rh3 72. Bd6 Rc3 73. Be5 Rc4 74. Ke3 Kc5 75. Nb3+ Kb5 76. Nd4+ Kb6 77.
Kd3 Ra4 78. Ke3 Kc5 79. Nb3+ Kc4 80. Nd2+ Kb4 81. Nf3 Ra3+ 82. Kf2 Kc4 83. Nd4 Rd3 84. Ne2 Rd2 85. Ke3 Ra2 86. Nd4 Ra3+ 87. Kf2 Rd3 88. Ne2 Bb5 89. Ng3 d4 90. Ke2 Rxg3 91. Kf2 Re3 0-1

[Event "*** SCC Grand Prix: Titled Tuesday Blitz"]
[Site "Chess.com"]
[Date "2020.06.02"]
[Round "10"]
[White "Grieve72"]
[Black "LiamPutnam2008"]
[Result "1/2-1/2"]
[WhiteElo "2377"]
[BlackElo "2518"]
[TimeControl "180+1"]
[EndTime "12:01:14 PDT"]
[Termination "Game drawn by 50-move rule"]

1. e4 g6 2. d4 Bg7 3. Nf3 c6 4.
h3 d5 5. e5 c5 6. c4 cxd4 7.
Qxd4 Nc6 8. Qf4 d4 9. Na3 Nxe5 10. Nb5 Nxf3+ 11. gxf3 e5 12. Qd2 a6 13. Na3 Ne7 14. Bd3 Nc6 15. h4 h5 16. Nc2 Be6 17. b3 Rc8 18. Ba3 Qf6 19. Be4 Bf8 20. Bxf8 Kxf8 21.
Kf1 Kg7 22. Ne1 Rhd8 23. Nd3 Bf5 24. Qe1 b5 25. Rc1 bxc4 26. Rxc4 Bxe4 27. Qxe4 Re8 28.
Rg1 Ne7 29. Qxe5 Nf5 30. Qxf6+ Kxf6 31. Ra4 Nxh4 32. Rxd4 Nf5 33. Ra4 Re6 34. Nf4 Rc1+ 35. Kg2 Nh4+ 36. Kh3 Rxg1 37. Nxe6 Kxe6 38. Kxh4 Kf5 39.
Ra5+ Kf4 40. Ra4+ Kxf3 41. Rxa6 Rg4+ 42. Kh3 Rf4 43. Ra4 Rf5 44. Rc4 g5 45. Kh2 g4 46.
Kg1 h4 47. a4 g3 48. fxg3 hxg3 49. Rc3+ Kg4 50. Kg2 Rf2+ 51. Kg1 Rd2 52. a5 Kh3 53. Rc1 Ra2 54. b4 Rb2 55. a6 Rxb4 56. Ra1 Rb8 57. a7 Ra8 58. Ra3 f5 59. Ra4 f4 60. Ra3 Kg4 61. Kg2 f3+ 62. Rxf3 Rxa7 63. Rxg3+ Kf4 64. Rf3+ Ke4 65. Rf2 Ra3 66. Re2+ Kd3 67. Rf2 Ra4 68. Rf3+ Ke4 69. Rg3 Ra2+ 70. Kh3 Rd2 71. Rg4+ Kf3 72. Rg3+ Kf4 73. Rg4+ Kf5 74. Rg3 Rd8 75. Kg2 Rd2+ 76. Kh3 Rb2 77. Rf3+ Ke4 78. Rg3 Kf4 79. Rg4+ Kf3 80.
Rg3+ Ke4 81. Rg4+ Kf5 82. Rg3 Rb4 83. Rf3+ Kg5 84. Rg3+ Kh5 85. Rf3 Rb2 86. Re3 Rf2 87. Re5+ Kg6 88. Re3 Rf5 89. Rg3+ Kf6 90. Kg2 Ra5 91.
Rf3+ Ke5 92. Rh3 Ke4 93. Rh4+ Ke3 94. Rh3+ Ke2 95. Rh4 Rg5+ 96. Kh2 Kf3 97. Rh3+ Kf2 98. Rh7 Rg2+ 99. Kh1 Rg3 100. Rf7+ Ke2 101. Kh2 Rg4 102. Rf6 Rg5 103. Rf7 Ke3 104. Rf6 Rg4 105. Rf7 Ra4 106. Rf6 Ke4 107. Kg3 Ke5 108. Rf3 Rb4 109. Rf2 Rb8 110. Rf3 Rg8+ 111. Kf2 Rc8 112. Re3+ Kf4 113. Re2 1/2-1/2

[Event "*** SCC Grand Prix: Titled Tuesday Blitz"]
[Site "Chess.com"]
[Date "2020.06.02"]
[Round "10"]
[White "Aleksandar-Topalov"]
[Black "Heineccius"]
[Result "1/2-1/2"]
[WhiteElo "2463"]
[BlackElo "2608"]
[TimeControl "180+1"]
[EndTime "12:01:20 PDT"]
[Termination "Game drawn by repetition"]

1. b3 d5 2. Bb2 e6 3. Nf3 Nf6 4. e3 Bd6 5. d4 Nbd7 6. Nbd2 Qe7 7. a3 e5 8. dxe5 Nxe5 9. Be2 O-O 10. O-O Bf5 11. Nd4 Bd7 12. Nb5 Bxb5 13. Bxb5 Neg4 14. h3 Be5 15. Qc1 Bxb2 16. Qxb2 Ne5 17. Rfe1 Ng6 18.
Bd3 Ne5 19. Bf1 Ned7 20. Rad1 Rfe8 21. b4 Rad8 22. c4 Ne5 23. cxd5 Nxd5 24. Nb3 Ng6 25. Rd2 c6 26. Nd4 Qe5 27. Qc1 Nf6 28. Rc2 Ne4 29.
Bd3 Nh4 30. Bxe4 Qxe4 31. f3 Qg6 32. Kh1 Re7 33. Qd2 Rde8 34. e4 Rd7 35. Qc3 Red8 36. Rd1 Qf6 37. Rcd2 h5 38. Qe3 Ng6 39. Ne2 Rxd2 40.
Rxd2 Rxd2 41. Qxd2 Qa1+ 42. Qc1 Qe5 43. Qe3 b6 44. Nd4 c5 45. bxc5 bxc5 46. Nc6 Qa1+ 47. Kh2 Qf6 48. Qxc5 Nf4 49. Ne7+ Kh7 50. Qf5+ Qxf5 51.
Nxf5 g6 52. Nd6 Kg7 53. Nb5 a6 54. Nc7 a5 55. Nd5 Nd3 56. Kg3 f6 57. f4 Kf7 58.
f5 g5 59. Kf3 Ne5+ 60. Ke3 Nc4+ 61. Kd4 Nxa3 62. Kc5 Nc2 63. Kb5 Ne1 64. Ne3 Nd3 65. Kxa5 Nc5 66. Kb5 Nxe4 67. Kc6 Ke7 68. Kd5 Ng3 69.
Kc6 Kf7 70. Kd7 h4 71. Kd8 Ne2 72. Kd7 Nf4 73. Kd8 Nd3 74. Kd7 Nc5+ 75. Kd6 Ne4+ 76. Kd7 Ng3 77. Kd8 Nh5 78. Kd7 Ng7 79. Kd6 Ne8+ 80.
Kd7 Ng7 81. Kd8 Nh5 82. Kd7 Nf4 83. Kd6 g4 84. hxg4 Nxg2 85. Nf1 Nf4 86. Nh2 Nd3 87. Kd7 Ne5+ 88. Kd6 Kg7 89. Ke7 Nf7 90. Ke6 Ng5+ 91.
Ke7 Nh7 92. Ke6 Kh6 93. Kf7 Kg5 94. Kg7 Kf4 95. Kxh7 Kg3 96. g5 fxg5 97. f6 Kxh2 98. f7 g4 99. f8=Q g3 100. Qf4 h3 101. Kh6 Kg2 102. Qe4+ Kh2 103. Qf4 Kg2 104. Qe4+ Kf2 105. Qf4+ Kg2 1/2-1/2

[Event "*** SCC Grand Prix: Titled Tuesday Blitz"]
[Site "Chess.com"]
[Date "2020.06.02"]
[Round "10"]
[White "tsvet2005"]
[Black "Igrok3069"]
[Result "1-0"]
[WhiteElo "2578"]
[BlackElo "2733"]
[TimeControl "180+1"]
[EndTime "12:01:40 PDT"]
[Termination "tsvet2005 won by checkmate"]

1. d4 d5 2. c4 c6 3. Nc3 Nf6 4. e3 e5 5. dxe5 Ne4 6. Nxe4 dxe4 7. Qxd8+ Kxd8 8. Ne2 Bb4+ 9. Bd2 Bxd2+ 10. Kxd2 Re8 11. f4 exf3 12. gxf3 Rxe5 13. Nc3 Na6 14. Rd1 Ke7 15. Bd3 Be6 16. Ke2 Nc5 17. b3 Nxd3 18. Rxd3 Rh5 19.
Ne4 a5 20. Ng3 Rh4 21. a4 g5 22. Kf2 Rb8 23. Ne2 b5 24. cxb5 cxb5 25. Nd4 bxa4 26. Nc6+ Kf6 27. Nxb8 axb3 28. Rb1 a4 29. Nd7+ Bxd7 30.
Rxd7 b2 31. Rd3 Rxh2+ 32. Kg3 Re2 33. Ra3 h5 34. e4 h4+ 35. Kh3 Rf2 36. Rxa4 Rxf3+ 37. Kh2 Rf2+ 38. Kh3 Rf3+ 39. Kg2 Rg3+ 40. Kh2 Rb3 41. Ra2 Re3 42. Raxb2 Rxe4 43. Rf2+ Kg6 44. Rb6+ Kh5 45. Rxf7 Re2+ 46. Kg1 Re1+ 47. Rf1 Re3 48.
Rb5 Rg3+ 49. Kh2 Rg4 50. Rf8 Rd4 51. Rg8 Rd2+ 52. Kg1 Rd1+ 53. Kf2 Rd2+ 54. Ke3 Rg2 55. Kf3 Rg3+ 56. Kf2 Rg4 57. Rb6 Rg3 58. Rbg6 Rg4 59.
R6g7 Rf4+ 60. Kg2 Rf5 61. Rh7+ Kg4 62. Rhg7 Re5 63. Rf7 Re2+ 64. Rf2 Re5 65. Kg1 Kh5 66. Rg2 Rd5 67. Kh2 Re5 68. Rh8+ Kg6 69. Ra8 Rd5 70.
Ra4 Kh5 71. Kg1 Rd1+ 72. Kh2 Rd5 73. Rf2 Re5 74. Kg2 Rd5 75. Ra8 Rd4 76. Rf5 Kg4 77. Rf2 Rd5 78. Rg8 Re5 79. Kh2 Rd5 80. Rg2+ Kh5 81. Rf2 Re5 82. Rgf8 Rd5 83. R8f5 Rd3 84. Rg2 h3 85. Rgxg5+ Kh4 86. Rh5+ Kg4 87. Rfg5+ Kf4 88. Rg8 Rd2+ 89. Kxh3 Rd3+ 90. Kh4 Rd1 91. Rf8+ Ke4 92. Kg5 Rg1+ 93. Kf6 Rf1+ 94. Ke7 Re1 95. Rh6 Kd5+ 96. Kd7 Ra1 97. Rf5+ Ke4 98. Rb5 Ra7+ 99. Kc6 Ra6+ 100. Rb6 Ra8 101. Rh4+ Ke5 102. Rb5+ Kf6 103. Rh6+ Kg7 104. Rd6 Ra6+ 105. Rb6 Ra8 106. Rb7+ Kg8 107. Rbd7 Ra6+ 108. Kb7 Ra1 109. Rc6 Rb1+ 110. Kc7 Ra1 111. Re6 Rc1+ 112. Kd8 Ra1 113. Re8# 1-0